 Dungeon Crawl Stone Soup version 0.23.2 (webtiles) character file.

Game seed: 17462596545026715046

47 Fang the Skirmisher (level 3, 0/24 HPs)
             Began as a Gargoyle Berserker on Apr 8, 2019.
             Was a Believer of Trog.
             Slain by an adder (1 damage)
             ... on level 2 of the Dungeon.
             The game lasted 00:01:24 (1363 turns).

Fang the Skirmisher (Gargoyle Berserker)            Turns: 1363, Time: 00:01:25

Health: 0/24       AC:  5    Str: 21    XL:     3   Next: 70%
Magic:  3/3        EV: 12    Int:  7    God:    Trog [**....]
Gold:   86         SH:  0    Dex:  9    Spells: 2/2 levels left

rFire    . . .     SeeInvis .   a - +0 hand axe
rCold    . . .     Gourm    .   (no shield)
rNeg     + . .     Faith    .   b - +0 animal skin
rPois    ∞         Spirit   .   (no helmet)
rElec    +         Reflect  .   (no cloak)
rCorr    .         Harm     .   (no gloves)
MR       .....                  (no boots)
Stlth    +.........             (no amulet)
HPRegen  0.08/turn              (no ring)
MPRegen  0.08/turn              (no ring)

@: no status effects
A: negative energy resistance 1, electricity resistance, unbreathing,
petrification resistance, rot immunity, AC +3
a: Berserk, Trog's Hand, Renounce Religion


You were on level 2 of the Dungeon.
You worshipped Trog.
Trog was pleased with you.
You were not hungry.

You visited 1 branch of the dungeon, and saw 2 of its levels.

You collected 86 gold pieces.

Inventory:

Hand Weapons
 a - a +0 hand axe (weapon)
Armour
 b - a +0 animal skin (worn)
Jewellery
 f - an uncursed amulet of magic regeneration {unknown}
Scrolls
 e - 4 scrolls of identify {unknown}
 g - 2 scrolls of amnesia {unknown}
 i - a scroll of random uselessness {unknown}
 j - a scroll of remove curse {unknown}
 k - a scroll of teleportation {unknown}
Potions
 d - 2 potions of ambrosia {unknown}
 h - 2 potions of heal wounds {unknown}
Comestibles
 c - 4 rations
 l - a chunk of flesh


   Skills:
 + Level 3.8 Fighting
 + Level 3.1 Axes
 + Level 2.9 Armour
 + Level 2.1 Dodging


You had 2 spell levels left.
You didn't know any spells.
Your spell library was empty.

Dungeon Overview and Level Annotations

Branches:
Dungeon (2/15)

Altars:
Ashenzari


Innate Abilities, Weirdness & Mutations

You are resistant to torment.
Your stone body is resilient. (AC +3)
You are immune to poison.
You resist negative energy. (rN+)
You are resistant to electric shocks. (rElec)
You can survive without breathing.
You are immune to petrification.
You are immune to rotting.


Message History

The adder bites you but does no damage. The adder bites you.
* * * LOW HITPOINT WARNING * * *
You hit the adder.
The adder is heavily wounded.
The adder barely misses you. The adder bites you.
* * * LOW HITPOINT WARNING * * *
You hit the adder.
The adder is severely wounded.
The adder barely misses you.
You barely miss the adder.
The adder is severely wounded.
The adder closely misses you. The adder bites you.
* * * LOW HITPOINT WARNING * * *
You closely miss the adder.
The adder is severely wounded.
The adder closely misses you.
You hit the adder.
The adder is almost dead.
The adder closely misses you. The adder bites you.
You die...

### ..####### #.......#
#.......# #.......#
#....(..# #.S.!...#
#.@.....#
...####.#################
.......>........)........
...####.#################
#.# # #.# #.# ###### #..
...... ### ######


You could see an adder.

Vanquished Creatures
  An ooze (D:1)
  3 worms (D:2)
  A dart slug (D:1)
  A leopard gecko (D:1)
  7 hobgoblins
  4 kobolds
  A quokka (D:2)
  4 bats
  3 frilled lizards (D:1)
  3 goblins
  5 rats
33 creatures vanquished.

Notes
Turn   | Place    | Note
-------+----------+-------------------------------------------
     0 | D:1      | Fang the Gargoyle Berserker began the quest for the Orb.
     0 | D:1      | Reached XP level 1. HP: 14/14 MP: 1/1
    74 | D:1      | Found a shattered altar of Ashenzari.
    89 | D:1      | Reached XP level 2. HP: 18/19 MP: 2/2
   305 | D:1      | Reached XP level 3. HP: 21/23 MP: 3/3
   584 | D:2      | Reached ** piety under Trog
  1361 | D:2      | HP: 1/24 [adder (4)]
  1363 | D:2      | Slain by an adder

Skill      XL: |  1  2  3 |
---------------+----------+-----
Axes           | 3 |  3.1
Dodging        | 2 |  2.1
Fighting       | |  3.8
Armour         | |  2.9

Action                   || total
-------------------------++-------
Melee: Hand axe          ||    93
Invok: Berserk           ||     1
  Eat: Chunk             ||     2
Armor: Animal skin       ||    27
Dodge: Dodged            ||    64
